 Dungeon Crawl Stone Soup version 0.22.0-49-gab54619674 (webtiles) character file.

430 JedernureinKreuz the Conjurer (level 6, -10/44 HPs)
             Began as a Gnoll Conjurer on Sept 9, 2018.
             Was a Believer of Lugonu.
             Mangled by baghtru's ghost (14 damage)
             ... on level 4 of the Dungeon.
             The game lasted 00:18:57 (2826 turns).

JedernureinKreuz the Conjurer (Gnoll Conjurer)      Turns: 2826, Time: 00:18:58

Health: -10/44     AC:  5    Str: 10    XL:     6   Next: 99%
Magic:  1/14       EV: 14    Int: 24    God:    Lugonu [**....]
Gold:   221        SH:  0    Dex: 15    Spells: 7/15 levels left

rFire    . . .     SeeInvis .   o - +3 dagger (venom)
rCold    . . .     Gourm    .   (no shield)
rNeg     . . .     Faith    .   t - +0 leather armour
rPois    .         Spirit   .   y - +0 helmet
rElec    .         Reflect  .   (no cloak)
rCorr    .         Harm     .   w - +0 pair of gloves
MR       .....                  (no boots)
Stlth    +++.......             (no amulet)
HPRegen  0.14/turn              i - +4 ring of intelligence
MPRegen  0.14/turn              (no ring)

@: no status effects
A: distributed training, fangs 1, strong nose
a: Depart the Abyss, Bend Space, Renounce Religion


You were on level 4 of the Dungeon.
You worshipped Lugonu.
Lugonu was pleased with you.
You were not hungry.

You visited 1 branch of the dungeon, and saw 4 of its levels.
You visited the Abyss 1 time.

You collected 221 gold pieces.

Inventory:

Hand Weapons
 j - a +1 dagger of distortion
 k - a +3 dagger
 o - a +3 dagger of venom (weapon)
 s - a +1 short sword of venom
Missiles
 b - 5 tomahawks
 g - 164 stones
 h - 42 arrows
 n - 34 sling bullets
 p - 8 tomahawks of returning (quivered)
Armour
 a - a +0 robe
 t - a +0 leather armour (worn)
 w - a +0 pair of gloves (worn)
 y - a +0 helmet (worn)
Jewellery
 i - a +4 ring of intelligence (left hand)
 v - an uncursed amulet of guardian spirit {unknown}
Wands
 A - a wand of random effects (21)
Scrolls
 e - 7 scrolls of identify
 q - a scroll of amnesia
 r - a scroll of enchant weapon
 x - a scroll of remove curse
Potions
 f - 2 potions of curing {unknown}
 l - a potion of haste {unknown}
 m - a potion of flight {unknown}
 u - a potion of agility {unknown}
 z - a potion of lignification {unknown}
Comestibles
 c - 5 rations
 d - 2 chunks of flesh


   Skills:
 + Level 2.1 Fighting
 + Level 2.1 Short Blades
 + Level 2.1 Long Blades
 + Level 2.1 Axes
 + Level 2.1 Maces & Flails
 + Level 2.1 Polearms
 + Level 2.1 Staves
 + Level 2.1 Slings
 + Level 2.1 Bows
 + Level 2.1 Crossbows
 + Level 2.1 Throwing
 + Level 2.1 Armour
 + Level 5.1 Dodging
 + Level 4.7 Stealth
 + Level 2.1 Shields
 + Level 2.1 Unarmed Combat
 + Level 5.4 Spellcasting
 + Level 7.3 Conjurations
 + Level 1.7 Hexes
 + Level 1.7 Charms
 + Level 1.7 Summonings
 + Level 1.7 Necromancy
 + Level 1.7 Translocations
 + Level 1.7 Transmutations
 + Level 1.7 Fire Magic
 + Level 1.7 Ice Magic
 + Level 1.7 Air Magic
 + Level 1.7 Earth Magic
 + Level 1.7 Poison Magic
 + Level 2.4 Invocations
 + Level 2.1 Evocations


You had 7 spell levels left.
You knew the following spells:

 Your Spells              Type           Power        Failure   Level  Hunger
a - Magic Dart            Conj           ####         1%          1    None
b - Iskenderun's Mystic   Conj           #####...     5%          4    ###....
c - Dazzling Spray        Conj/Hex       ####..       4%          3    #......

Your spell library contained the following spells:

 Spells                   Type           Power        Failure   Level  Hunger
 Searing Ray              Conj           #####.       1%          2    None
 Force Lance              Conj/Tloc      ####....     17%         4    ###....
 Fulminant Prism          Conj/Hex       ####......   17%         4    ###....


Dungeon Overview and Level Annotations

Branches:
Dungeon (4/15)
 Temple: D:4-7

Altars:

Annotations:
D:4 baghtru's ghost, amateur HOFi


Innate Abilities, Weirdness & Mutations

Your experience applies equally to all skills.
You have very sharp teeth.
Your uncanny sense of smell can sniff out nearby items.


Message History

Baghtru's ghost shouts, "I was like you once."
Baghtru's ghost ripples.
Found a dagger.
Casting: Magic Dart (safe; 1% risk of failure)
Confirm with . or Enter, or press ? or * to list all spells.
Aiming: Dazzling Spray (safe; 4% risk of failure)
Press: ? - help, Shift-Dir - straight line, f/p - baghtru's ghost
Aim: baghtru's ghost (severely damaged)
The spray of energy hits baghtru's ghost.
Baghtru's ghost is severely damaged.
Baghtru's ghost lets out a mournful wail.
Baghtru's ghost closely misses you.
You barely miss baghtru's ghost.
Baghtru's ghost is severely damaged.
Baghtru's ghost hits you.
* * * LOW HITPOINT WARNING * * *
You hit baghtru's ghost but do no damage.
Baghtru's ghost is severely damaged.
Baghtru's ghost hits you!
You die...

##.......## #.# #.#
##...#.## #.# #.#
##..#.#########.# #.#
######.#...........# #.#
.....#.#############
#.## ##...)..# #)....#
#..# ...#.#..####.....#
##.# ...#.............#
#.# ..##.#######...W@#
#.# ####.# #.....#
####.# .....# #######
##.##.# ####.####### ##
#.....# #..........#
##.#### ##..#######.#
#.# ###...#### #.#####
#.# .........## #.....#
#.#
##........###.###.####.#


You could see baghtru's ghost.

Vanquished Creatures
  Sigmund (D:4)
  A scorpion (D:4)
  Natasha (thrice) (D:3)
  Robin (D:4)
  3 adders
  An ooze (D:2)
  An adder skeleton (D:4)
  2 worms (D:2)
  5 leopard geckos
  6 orcs (D:3)
  A ball python (D:2)
  3 giant cockroaches
  13 goblins
  13 hobgoblins
  10 kobolds
  A quokka (D:2)
  10 bats
  7 frilled lizards
  2 rats
84 creatures vanquished.

Notes
Turn   | Place    | Note
-------+----------+-------------------------------------------
     0 | D:1      | JedernureinKreuz the Gnoll Conjurer began the quest for the
                  | Orb.
     0 | D:1      | Reached XP level 1. HP: 13/13 MP: 6/6
    72 | D:1      | Reached XP level 2. HP: 7/19 MP: 0/7
   304 | D:1      | Cast into level 1 of the Abyss (a distortion unwield)
   304 | Abyss:1  | Found a corrupted altar of Lugonu.
   308 | Abyss:1  | Became a worshipper of Lugonu the Unformed
   308 | Abyss:1  | Reached * piety under Lugonu
   309 | D:1      | Escaped the Abyss
   832 | D:2      | Reached skill level 5 in Spellcasting
   832 | D:2      | Reached XP level 3. HP: 14/25 MP: 0/9
  1101 | D:2      | Reached skill level 1 in Invocations
  1409 | D:2      | Reached skill level 1 in Fighting
  1409 | D:2      | Reached skill level 1 in Short Blades
  1409 | D:2      | Reached skill level 1 in Long Blades
  1409 | D:2      | Reached skill level 1 in Axes
  1409 | D:2      | Reached skill level 1 in Maces & Flails
  1409 | D:2      | Reached skill level 1 in Polearms
  1409 | D:2      | Reached skill level 1 in Staves
  1409 | D:2      | Reached skill level 1 in Slings
  1409 | D:2      | Reached skill level 1 in Bows
  1409 | D:2      | Reached skill level 1 in Crossbows
  1409 | D:2      | Reached skill level 1 in Throwing
  1409 | D:2      | Reached skill level 1 in Armour
  1409 | D:2      | Reached skill level 1 in Shields
  1409 | D:2      | Reached skill level 1 in Unarmed Combat
  1409 | D:2      | Reached skill level 1 in Evocations
  1418 | D:2      | Reached XP level 4. HP: 32/32 MP: 7/11
  1804 | D:3      | Noticed Natasha
  1806 | D:3      | Killed Natasha
  1806 | D:3      | Reached skill level 1 in Hexes
  1806 | D:3      | Reached skill level 1 in Charms
  1806 | D:3      | Reached skill level 1 in Summonings
  1806 | D:3      | Reached skill level 1 in Necromancy
  1806 | D:3      | Reached skill level 1 in Translocations
  1806 | D:3      | Reached skill level 1 in Transmutations
  1806 | D:3      | Reached skill level 1 in Fire Magic
  1806 | D:3      | Reached skill level 1 in Ice Magic
  1806 | D:3      | Reached skill level 1 in Air Magic
  1806 | D:3      | Reached skill level 1 in Earth Magic
  1806 | D:3      | Reached skill level 1 in Poison Magic
  1809 | D:3      | Noticed Natasha
  1817 | D:3      | Killed Natasha
  1817 | D:3      | Reached XP level 5. HP: 31/37 MP: 3/12
  1888 | D:3      | Learned a level 4 spell: Iskenderun's Mystic Blast
  1892 | D:3      | Learned a level 3 spell: Dazzling Spray
  1908 | D:3      | Reached ** piety under Lugonu
  2006 | D:3      | Noticed Natasha
  2013 | D:3      | Killed Natasha
  2460 | D:4      | Noticed Robin
  2485 | D:4      | Killed Robin
  2646 | D:4      | Noticed Sigmund
  2655 | D:4      | Killed Sigmund
  2655 | D:4      | Reached skill level 5 in Dodging
  2655 | D:4      | Reached XP level 6. HP: 30/44 MP: 8/14
  2738 | D:4      | Found a runed door.
  2738 | D:4      | Noticed baghtru's ghost (amateur HOFi)
  2803 | D:4      | HP: 2/44 [baghtru's ghost (8)]
  2826 | D:4      | Mangled by baghtru's ghost

Skill      XL: |  1  2  3  4  5 |
---------------+----------------+-----
Spellcasting   | 5 |  5.4
Invocations    | 1 2 |  2.4
Fighting       | 1 2 |  2.1
Short Blades   | 1 2 |  2.1
Long Blades    | 1 2 |  2.1
Axes           | 1 2 |  2.1
Maces & Flails | 1 2 |  2.1
Polearms       | 1 2 |  2.1
Staves         | 1 2 |  2.1
Slings         | 1 2 |  2.1
Bows           | 1 2 |  2.1
Crossbows      | 1 2 |  2.1
Throwing       | 1 2 |  2.1
Armour         | 1 2 |  2.1
Shields        | 1 2 |  2.1
Unarmed Combat | 1 2 |  2.1
Evocations     | 1 2 |  2.1
Hexes          | 1 |  1.7
Charms         | 1 |  1.7
Summonings     | 1 |  1.7
Necromancy     | 1 |  1.7
Translocations | 1 |  1.7
Transmutations | 1 |  1.7
Fire Magic     | 1 |  1.7
Ice Magic      | 1 |  1.7
Air Magic      | 1 |  1.7
Earth Magic    | 1 |  1.7
Poison Magic   | 1 |  1.7
Dodging        | 5 |  5.1
Stealth        | |  4.7
Conjurations   | |  7.3

Action                   |  1- 3 |  4- 6 || total
-------------------------+-------+-------++-------
Melee: Unarmed           |     6 |       ||     6
       Dagger            |     8 |    79 ||    87
       Short sword       |     8 |       ||     8
       Bite              |     1 |    10 ||    11
Throw: Tomahawk          |    20 |     5 ||    25
 Cast: Magic Dart        |    58 |    40 ||    98
       Dazzling Spray    |       |     6 ||     6
       Iskenderun's Myst |       |     2 ||     2
Invok: Depart the Abyss  |     1 |       ||     1
  Use: Scroll            |     5 |     1 ||     6
 Stab: Sleeping          |       |     4 ||     4
       Invisible         |       |     2 ||     2
  Eat: Chunk             |     1 |     5 ||     6
Armor: Robe              |     2 |     2 ||     4
       Leather armour    |       |    13 ||    13
Dodge: Dodged            |    31 |    63 ||    94
